 Dungeon Crawl Stone Soup version 0.30.1-11-g7821555f0a (webtiles) character file.

Game seed: 7333155990426602886

1210 Peloso the Slasher (level 8, 0/70 HPs)
             Began as a Minotaur Fighter on Jan 7, 2024.
             Slain by a troll (11 damage)
             ... on level 5 of the Dungeon.
             The game lasted 00:07:17 (4412 turns).

Peloso the Slasher (Minotaur Fighter)               Turns: 4412, Time: 00:07:17

Health: 0/70       AC: 11    Str: 20    XL:     8   Next: 22%
Magic:  16/16      EV:  7    Int:  5    God:
Gold:   257        SH:  9    Dex: 13    Spells: 7/7 levels left

rFire   . . .        a - +0 long sword
rCold   + . .        d - +0 kite shield
rNeg    + . .        n - +0 chain mail
rPois   .            c - +1 hat
rElec   .            (no cloak)
rCorr   .            (no gloves)
SInv    .            (no boots)
Will    .....        (no amulet) Stlth
                     j - ring of Hoqemyjo {rC+ rN+ MP+9}
HPRegen 0.31/turn    (no ring)
MPRegen 0.15/turn

%: no passive effects
@: no status effects
A: horns 2, retaliatory headbutt
a: no special abilities


You were on level 5 of the Dungeon.
You visited 1 branch of the dungeon, and saw 6 of its levels.

You collected 362 gold pieces.
You spent 105 gold pieces at shops.

Inventory:

Hand Weapons
 a - a +0 long sword (weapon)
 b - a +0 whip of flaming
Armour
 c - a +1 hat (worn)
 d - a +0 kite shield (worn)
 n - a +0 chain mail (worn)
Jewellery
 j - the ring of Hoqemyjo (left hand) {rC+ rN+ MP+9}
   (You found it on level 3 of the Dungeon)

   [ring of magical power]

   rC:        It protects you from cold.
   rN:        It protects you from negative energy.
   MP:        It affects your magic capacity (+9).
 r - a +5 ring of evasion
Scrolls
 f - 3 scrolls of identify {unknown}
 h - a scroll of enchant armour {unknown}
 i - 2 scrolls of poison {unknown}
 l - a scroll of teleportation {unknown}
 q - a scroll of magic mapping
Potions
 e - a potion of berserk rage {unknown}
 g - 2 potions of might
 k - a potion of invisibility {unknown}
 m - a potion of haste {unknown}
 p - a potion of resistance {unknown}


   Skills:
 + Level 6.2 Fighting
 + Level 7.7 Long Blades
 + Level 7.1 Armour
 + Level 2.3 Dodging
 + Level 0.1 Stealth
 + Level 5.0 Shields


You had 7 spell levels left.
You didn't know any spells.
Your spell library contained the following spells:

 Spells                   Type           Power      Damage    Failure   Level
 Inner Flame              Hex/Fire       0%         N/A       100%        3
 Flame Wave               Conj/Fire      0%         2d4       100%        4
 Olgreb's Toxic Radiance  Pois           0%         N/A       100%        4
 Sticky Flame             Conj/Fire      0%         2d3       100%        4
 Discord                  Hex            0%         N/A       100%        8
 Ignition                 Fire           0%         3d3       100%        8


Dungeon Overview and Level Annotations

Branches:
Dungeon (6/15)
 Temple: D:4-7

Altars:
Ashenzari
Sif Muna
Uskayaw
Wu Jian

Shops:
D:4 :   D:5 *


Innate Abilities, Weirdness & Mutations

You have a pair of horns on your head.
You reflexively headbutt those who attack you in melee.


Message History

You furiously retaliate!
You headbutt the orc. The orc attacks as you move away!
The orc hits you but does no damage. The orc attacks as you move away!
The orc hits you but does no damage. The troll bites you!
You block the troll's attack. The troll claws you.
The orc attacks as you move away! The orc hits you with a +0 club.
There is a stone staircase leading up here.
The troll bites you but does no damage. You block the troll's attack.
The troll claws you!
You climb upwards.
Reactivating autopickup.
There is a stone staircase leading down here.
Unknown command.
You block the troll's attack. The troll claws you but does no damage.
You block the troll's attack. The orc closely misses you.
You barely miss the troll. The troll barely misses you.
You furiously retaliate!
You headbutt the troll. The troll claws you but does no damage.
The troll claws you!
* * * LOW HITPOINT WARNING * * *
You hit the troll. Your headbutt misses the troll.
The troll is moderately wounded.
The troll bites you but does no damage. The troll barely misses you.
The troll claws you.
* * * LOW HITPOINT WARNING * * *
You closely miss the troll.
The troll is moderately wounded.
The troll bites you but does no damage. The troll claws you but does no damage.
The troll claws you.
* * * LOW HITPOINT WARNING * * *
You slash the troll! You headbutt the troll.
The troll is heavily wounded.
The troll bites you!
* * * LOW HITPOINT WARNING * * *
The troll closely misses you. The troll claws you.
* * * LOW HITPOINT WARNING * * *
You slash the troll!
The troll is severely wounded.
You block the troll's attack. The troll closely misses you.
The troll claws you but does no damage.
You feel better. The troll bites you!
You die...

########.###...................#
#.#[###.#.......##.######.##
#.#..##.#.......##.# #.#.
#.....#.########...# #.#.
#.###.#.### #..### #...
#.........# ##.## ###.
#####.#.#.# ##..# #. #
#.....###..## #. #
#####....@To## ## #
####........##.# #
#....######.##.# #
###.#.......#.##.# #
#...#..####.#.##.# #
#.####.####.#.##.# #
#.##........#.##.#
###.##.##.#####.##.#
....##.#.........#.#


You could see a troll and an orc.

Vanquished Creatures
  2 ice beasts (D:5)
  A black bear (D:2)
  An ogre (D:6)
  3 phantoms
  A scorpion (D:5)
  A gnoll sergeant (D:5)
  2 jellies
  4 hounds
  3 orc priests
  2 orc wizards (D:5)
  7 gnolls
  4 adders
  An ufetubus (D:6)
  A dart slug (D:1)
  A worm (D:3)
  16 orcs
  4 ball pythons
  8 endoplasms
  A hobgoblin (D:2)
  5 jackals
  7 quokkas
  9 bats
  A frilled lizard (D:2)
  7 kobolds
  4 rats
96 creatures vanquished.

Notes
Turn   | Place    | Note
-------+----------+-------------------------------------------
     0 | D:1      | Peloso the Minotaur Fighter began the quest for the Orb.
     0 | D:1      | Reached XP level 1. HP: 19/19 MP: 0/0
   214 | D:1      | Reached XP level 2. HP: 25/27 MP: 1/1
   836 | D:2      | Reached XP level 3. HP: 33/33 MP: 2/2
  1003 | D:2      | Found a hide-covered altar of Uskayaw.
  1160 | D:2      | Noticed a black bear
  1171 | D:2      | Killed a black bear
  1172 | D:2      | Reached skill level 5 in Armour
  1172 | D:2      | Reached skill level 1 in Dodging
  1172 | D:2      | Reached XP level 4. HP: 26/41 MP: 3/3
  1172 | D:2      | Reached XP level 5. HP: 30/47 MP: 4/4
  1465 | D:3      | Identified the ring of Hoqemyjo {rC+ rN+ MP+9}
  1684 | D:3      | Found a faded altar of an unknown god.
  1684 | D:3      | Found a hide-covered altar of Uskayaw.
  1691 | D:3      | Found an ornate altar of the Wu Jian Council.
  1693 | D:3      | Found a broken altar of Ashenzari.
  1695 | D:3      | Found a shimmering blue altar of Sif Muna.
  2300 | D:4      | Noticed a phantom
  2317 | D:4      | Killed a phantom
  2318 | D:4      | Reached XP level 6. HP: 38/55 MP: 5/5
  2328 | D:4      | Reached skill level 5 in Fighting
  2548 | D:4      | Reached skill level 5 in Long Blades
  2909 | D:4      | Found Amarupsoir's Tremendous Tomes.
  2949 | D:5      | Entered Level 5 of the Dungeon
  2977 | D:5      | Reached XP level 7. HP: 19/61 MP: 6/6
  3602 | D:5      | Found Kimom's General Store.
  3610 | D:5      | Bought a scroll of magic mapping for 105 gold pieces
  3916 | D:5      | Reached XP level 8. HP: 67/70 MP: 7/7
  4381 | D:6      | Reached skill level 5 in Shields
  4389 | D:6      | Noticed a troll
  4410 | D:5      | HP: 2/70 [troll (3)]
  4412 | D:5      | Slain by a troll

Illustrated notes

Levels and vault maps discovered:
D:1:      spicycebolla_arrival_xxxplode, layout_basic
D:2:      layout_basic, basic_altar, kennysheep_generic_room_9
D:3:      layout_loops_ring, chequers_temple_overflow_minitemple
D:4:      layout_cave_pools, nicolae_shop_i_like_big_books
D:5:      layout_basic, serial_shops, shop
D:6:      layout_cave_pools, minmay_temple_entry_waves

Skill      XL: |  1  2  3  4  5  6  7  8 |
---------------+-------------------------+-----
Fighting       | 4 5 6 |  6.2
Armour         | 4 5 6 7 |  7.1
Long Blades    | 3 4 5 7 |  7.7
Dodging        | 1 2 |  2.3
Shields        | 4 5 |  5.0
Stealth        | |  0.1

Action                     |  1- 3 |  4- 6 |  7- 9 || total
---------------------------+-------+-------+-------++-------
  Melee: Long sword        |    85 |   113 |   100 ||   298
         Headbutt          |    13 |    23 |    22 ||    58
    Use: Potion            |     3 |       |     4 ||     7
 Armour: Scale mail        |    57 |    55 |       ||   112
         Chain mail        |       |       |    59 ||    59
  Dodge: Dodged            |    35 |    65 |    46 ||   146
  Block: Buckler           |    20 |    21 |     3 ||    44
         Kite shield       |       |       |    42 ||    42
